Ada, lawful male dwarven Valkyrie ------------ ###...........| |..........| #......<....| #|.......(..| `############# ---------------- #|....^.....| #------- # #.......%.[.....| #--------|--- #|.....| ###|...%....h.....| ## # ------------ %|.....| # #-.......@d.....-# # # |.....(....-###[#%|.....| ### ----------------# # # |..........| #-%....| # ### # # |...........######|.....-#### # -------# # |%.........| # #------- ### |......# # |...........#### ######################### # |.....| # ------------ ##......|########## |..)..|# -.-.- -----.-# |^.>| `## |..)| -|--- # Ada the Man-at-arms Experience level: 12 Strength: 18/12 Dexterity: 13 Constitution: 18 Intelligence: 3 Wisdom: 13 Charisma: 8 Health: 81(112) Energy: 13(13) Def: 13 Gold: 1026 Moves: 33227 Dungeon seed: w6JTzPiS29PZhIa4 Game ID: Ada_1478883751 Your Inventory: Coins $ - 1026 gold pieces Amulets A - an uncursed amulet of reflection (being worn) F - an uncursed amulet of reflection Weapons b - the blessed rustproof +4 Excalibur (weapon in hand) r - the rustproof +0 Mjollnir Armor e - an uncursed +3 small shield (being worn) l - an uncursed +0 pair of low boots (being worn) I - an uncursed +0 cloak of protection (being worn) Y - an uncursed +0 elven mithril-coat (being worn) Comestibles j - an uncursed lizard corpse Z - 10 uncursed food rations Scrolls C - 2 uncursed scrolls of blank paper G - 2 uncursed scrolls of light X - 2 uncursed scrolls of teleportation Potions a - a cursed potion of extra healing i - an uncursed potion of invisibility k - 2 uncursed potions of extra healing p - an uncursed potion of blindness u - an uncursed potion of acid z - a potion of holy water D - an uncursed potion of healing R - an uncursed potion of gain level W - an uncursed potion of speed Rings m - an uncursed ring of free action (on left hand) n - an uncursed ring of polymorph control E - a cursed ring of sustain ability J - an uncursed ring of stealth L - a cursed ring of aggravate monster V - an uncursed ring of polymorph control Wands c - a wand of striking (0:1) g - a wand of create monster (0:11) h - a wand of magic missile (0:1) o - a wand of cold (0:2) s - a wand of make invisible named invisibility (0:2) t - a wand of slow monster (0:6) B - a wand of polymorph (0:3) H - a wand of create monster (0:0) P - a wand of digging (0:7) S - a wand of teleportation (0:4) U - a wand of speed monster (0:6) Tools q - an uncursed magic whistle w - an uncursed bag of holding x - an uncursed skeleton key y - an uncursed lock pick M - a +0 unicorn horn N - an uncursed mirror O - an uncursed magic lamp (lit) Contents of the bag of holding: 17241 gold pieces 2 uncursed C-rations 2 uncursed slime molds 2 uncursed scrolls of blank paper an uncursed scroll of confuse monster 2 blessed scrolls of create monster an uncursed scroll of earth 2 uncursed scrolls of enchant weapon 3 uncursed scrolls of light an uncursed scroll of remove curse an uncursed scroll of stinking cloud 4 uncursed scrolls of teleportation 2 cursed scrolls of teleportation an uncursed potion of booze an uncursed potion of water a wand of digging (0:8) a wand of digging (0:5) a wand of make invisible (0:6) a wand of opening (0:6) a cursed wand of secret door detection (0:10) an uncursed bugle an uncursed mirror a +0 pick-axe an uncursed sack Spells and supernatural/magical abilities: Name Level Category Fail Memory h - healing 1 healing 99% 3% k - knock 1* matter 100% 0% u - confuse monster 2* enchantment 100% 0% S - stone to flesh 3* healing 100% 0% V - teleportitis -- ability ? -- W - pray for help -- divine ? -- Your skills at the end: Fighting Skills Weapon Skills dagger [Basic] long sword [Expert] hammer [Basic] Spellcasting Skills Final Attributes: You were piously aligned. You were fire resistant. You were cold resistant. You were sleep resistant. You were poison resistant. You were level-drain resistant. You saw invisible. You had automatic searching. You had infravision. You were invisible to others. You were stealthy. You aggravated monsters. You could teleport. You were protected. You were fast. You had reflection. You had free action. You were very lucky. You are dead. Vanquished creatures: a glass golem a baluchitherium a vampire lord an aligned priest 2 water trolls 2 lurkers above 2 ettins 2 black puddings 5 vampires 7 ghosts a queen bee 5 giant mimics 3 zruties 2 fire giants an ogre king an ice troll 7 rock trolls an umber hulk an Elvenking a doppelganger 4 large mimics 3 wumpuses a baby long worm 6 stalkers 4 air elementals an earth elemental a giant mummy 2 xorns 5 elf-lords 7 sergeants 3 wargs 3 winter wolves 6 small mimics 3 xans 3 ettin mummies an ogre lord 2 quantum mechanics 2 trolls a wood golem a gelatinous cube a pyrolisk a large dog 3 freezing spheres 5 flaming spheres 5 shocking spheres a large cat 2 tigers 3 gargoyles a tengu 2 ochre jellies 4 leocrottas 2 mountain centaurs a stone giant 2 elf mummies 2 human mummies 3 red nagas 2 pit vipers 5 pythons 2 cobras 4 wraiths an ettin zombie 3 leather golems 3 soldiers 3 succubi 3 chameleons 2 crocodiles 4 giant beetles 5 quivering blobs 8 cockatrices 4 wolves 6 winter wolf cubs 2 lynxes 4 gremlins a spotted jelly 42 leprechauns 3 orc-captains 4 giant spiders 5 scorpions 2 horses 2 ice vortices 6 black lights 3 vampire bats a gnome king 2 orc mummies 3 dwarf mummies 3 ogres 3 brown puddings 4 rust monsters 4 owlbears 3 gold golems a werewolf 10 Green-elves a giant eel 15 lizards 10 chickatrices 2 dogs 3 dingos a housecat 2 jaguars 2 dwarf lords 9 blue jellies 2 gray unicorns 2 black unicorns 5 dust vortices 5 ravens 3 plains centaurs 3 gnome mummies 6 snakes 8 water moccasins 8 apes a human zombie a rope golem 8 Woodland-elves 6 soldier ants 20 fire ants 8 bugbears an imp 3 quasits 3 wood nymphs 5 water nymphs 4 mountain nymphs 3 Mordor orcs 3 Uruk-hai 4 orc shamans 7 rock piercers 4 rock moles 4 ponies 3 fog clouds 3 yellow lights 4 shriekers 4 violet fungi 5 gnome lords a gnomish wizard 5 kobold mummies 2 black naga hatchlings 4 gray oozes 2 barrow wights 5 elf zombies a ghoul 4 straw golems a paper golem a jellyfish 17 giant ants a little dog 9 floating eyes 4 kittens 6 dwarves 4 homunculi 5 kobold lords 3 kobold shamans 28 hill orcs 10 rothes 2 rabid rats 4 centipedes 2 giant bats 2 monkeys 8 orc zombies 6 dwarf zombies 2 werejackals 5 iguanas 47 killer bees 5 acid blobs 4 coyotes 6 gas spores 3 hobbits 23 manes a large kobold 9 hobgoblins 3 giant rats 13 cave spiders 2 brown molds 4 yellow molds 4 green molds 6 red molds 19 gnomes 3 garter snakes 2 gnome zombies 17 geckos 19 jackals 2 foxes 4 kobolds 6 goblins 10 grid bugs 5 bats 8 lichens 6 kobold zombies 9 newts 882 creatures vanquished. Genocided species: large mimics 1 species genocided. Voluntary challenges: You had been an atheist until turn 5545. You used a wielded weapon 1164 times, starting on turn 2. You read items or engraved 39 times, starting on turn 1193. You genocided 1 type of monster, starting on turn 20394. You never polymorphed an object. You never changed form. You used no wishes. You split 2 puddings, starting on turn 15858. You wrote Elbereth's name 1 time, starting on turn 4340. You violated your moral code, losing 155 points of alignment, starting on turn 5613. Dungeon overview: The Dungeons of Doom: levels 1 to 23 Level 1 a fountain a long staircase Level 2 a fountain Level 3 Level 4 an altar to Odin, some fountains, a sink stairs to The Gnomish Mines Level 5 Level 6 Level 7 many fountains Level 8 stairs to Sokoban Level 9 a potion shop, some fountains, a sink Level 10 Level 11 Level 12 a weapon shop, a sink Level 13 a temple to Tyr Level 14 some fountains portal to The Quest Level 15 a fountain Level 16 a fountain Level 17 Level 18 a fountain Level 19 a fountain Level 20 Level 21 a fountain Level 22 <- You were here Level 23 The Gnomish Mines: levels 5 to 12 Level 5 stairs to The Dungeons of Doom Level 6 Level 7 Level 8 some shops, a temple to Odin, some fountains, a sink Level 9 Level 10 Level 11 Level 12 some fountains The Quest: Level 1 a fountain portal to The Dungeons of Doom Sokoban: levels 4 to 7 Level 4 Level 5 Level 6 Level 7 stairs to The Dungeons of Doom History has recorded: On T:1 you entered the Dungeons of Doom to retrieve the Amulet of Yendor! On T:352 you reached level 2 of The Dungeons of Doom. On T:533 you advanced to experience level 2. On T:790 you reached level 3 of The Dungeons of Doom. On T:1543 you advanced to experience level 3. On T:1572 you reached level 4 of The Dungeons of Doom. On T:2041 you reached level 5 of The Dungeons of Doom. On T:2046 you reached level 6 of The Dungeons of Doom. On T:2422 you advanced to experience level 4. On T:2911 you advanced to experience level 5. On T:3032 you advanced to experience level 6. On T:3281 you reached level 1 of The Gnomish Mines. On T:3920 you reached level 2 of The Gnomish Mines. On T:4467 you advanced to experience level 7. On T:4567 you reached level 3 of The Gnomish Mines. On T:5030 you reached level 4 of The Gnomish Mines. On T:5426 you reached level 5 of The Gnomish Mines. On T:5937 you reached level 6 of The Gnomish Mines. On T:6212 you advanced to experience level 8. On T:6233 you reached level 7 of The Gnomish Mines. On T:6672 you reached level 8 of The Gnomish Mines. On T:8028 you advanced to experience level 9. On T:9913 you reached level 7 of The Dungeons of Doom. On T:10250 you reached level 8 of The Dungeons of Doom. On T:10363 you reached level 4 of Sokoban. On T:10690 you reached level 3 of Sokoban. On T:11243 you reached level 9 of The Dungeons of Doom. On T:12102 you reached level 10 of The Dungeons of Doom. On T:12272 you reached level 11 of The Dungeons of Doom. On T:12622 you advanced to experience level 10. On T:12744 you reached level 12 of The Dungeons of Doom. On T:13377 you reached level 13 of The Dungeons of Doom. On T:13496 you reached level 14 of The Dungeons of Doom. On T:14138 you reached level 15 of The Dungeons of Doom. On T:14347 you reached level 16 of The Dungeons of Doom. On T:14573 you reached level 17 of The Dungeons of Doom. On T:15895 you reached level 18 of The Dungeons of Doom. On T:16454 you reached level 19 of The Dungeons of Doom. On T:16889 you advanced to experience level 11. On T:17396 you reached level 20 of The Dungeons of Doom. On T:18204 you reached level 21 of The Dungeons of Doom. On T:18285 you advanced to experience level 10. On T:19298 you reached level 22 of The Dungeons of Doom. On T:19625 you reached level 23 of The Dungeons of Doom. On T:20994 you advanced to experience level 11. On T:22310 you reached level 1 of The Quest. On T:24014 you reached level 2 of Sokoban. On T:24634 you reached level 1 of Sokoban. On T:31390 you received Mjollnir from Tyr. On T:31534 you advanced to experience level 12. Score breakdown: Gold: 18267 (14496 points) Experience: 12 levels (18476 points) Exploration: 23 levels ( 48.94%) (20746 points) Discoveries: 7 items ( 2.85%) ( 5060 points) Valuables value: (no points given unless you survive) Artifact value: 8000 (13277 points) Variety of kills: 187 monsters ( 49.08%) (21017 points) Turncount: 33227 turns (-4152 points) Survival: died (score multiplied by 80%) Total score: 71136 Latest messages: The mind flayer concentrates. A wave of psychic energy pours over you! The mind flayer hits! The mind flayer's tentacles suck you! Your brain is eaten! You feel stupid! The mind flayer misses. The mind flayer's tentacles suck you! Your brain is eaten! You feel very stupid! You hit the mind flayer! The warg bites! The mind flayer hits! The mind flayer's tentacles suck you! Your brain is eaten! You feel stupid! The mind flayer's tentacles suck you! Your brain is eaten! Your last thought fades away. The sack is empty. The sack is empty. Final status: Farvel Ada the Valkyrie, killed by brainlessness... You died in The Dungeons of Doom on dungeon level 22 with 71136 points, and 18267 pieces of gold, after 33227 moves. You were level 12 with a maximum of 112 hit points when you died.